 Dungeon Crawl Stone Soup version 0.29-a0-998-g1987434 (webtiles) character file.

Game seed: 9706878273086999242

17222 Illumine the Cleaver (level 12, -1/110 HPs)
             Began as a Minotaur Fighter on Aug 5, 2022.
             Was a Priest of Makhleb.
             Slain by Urug
             ... wielding a +0 battleaxe of flaming
              (3 damage)
             ... on level 3 of the Lair of Beasts.
             The game lasted 00:13:17 (15540 turns).

Illumine the Cleaver (Minotaur Fighter)            Turns: 15540, Time: 00:13:18

Health: -1/110     AC:  9    Str: 31    XL:     12   Next: 17%
Magic:  16/16      EV: 12    Int: 10    God:    Makhleb [***...]
Gold:   616        SH:  4    Dex: 11    Spells: 11/11 levels left

rFire   + . .      SeeInvis .   a - +0 war axe
rCold   . . .      Faith    +   c - +0 buckler
rNeg    + . .      Spirit   .   z - +1 ring mail {rF+}
rPois   +          Reflect  .   (helmet restricted)
rElec   .          Harm     .   (no cloak)
rCorr   .          Rampage  .   (no gloves)
Will    .....                   r - +0 pair of boots
Stlth   +.........              G - amulet of faith
HPRegen 0.28/turn               E - +6 ring of strength
MPRegen 0.15/turn               J - ring of the Sun {rPois rN+ Int+5}

@: no status effects
A: horns 2, retaliatory headbutt
a: Renounce Religion, Minor Destruction, Lesser Servant of Makhleb


You were on level 3 of the Lair of Beasts.
You worshipped Makhleb.
Makhleb was most pleased with you.
You visited 3 branches of the dungeon, and saw 13 of its levels.

You collected 648 gold pieces.
You spent 32 gold pieces at shops.

Inventory:

Hand Weapons
 a - a +0 war axe (weapon)
 F - a +0 scimitar of flaming
Missiles
 j - 8 boomerangs (quivered)
 u - 2 silver javelins
Armour
 c - a +0 buckler (worn)
 r - a +0 pair of boots (worn)
 z - a +1 ring mail of fire resistance (worn)
Jewellery
 b - a ring of protection from fire
 y - a ring of fire
 A - a +4 ring of protection
 E - a +6 ring of strength (left hand)
 G - an amulet of faith (around neck)
 J - the ring of the Sun (right hand) {rPois rN+ Int+5}
   (You found it on level 2 of the Lair of Beasts)

   [ring of positive energy]

   Int:       It affects your intelligence (+5).
   rPois:     It protects you from poison.
   rN:        It protects you from negative energy.
Wands
 n - a wand of roots (16)
 v - a wand of digging (5)
 w - a wand of acid (9)
 x - a wand of flame (56)
 B - a wand of mindburst (15)
Scrolls
 d - a scroll of vulnerability
 e - 8 scrolls of teleportation
 f - 4 scrolls of poison
 g - 2 scrolls of enchant weapon
 h - 3 scrolls of enchant armour
 m - 5 scrolls of fear
 C - a scroll of silence {unknown}
 D - 2 scrolls of amnesia
 H - a scroll of summoning {unknown}
 I - a scroll of acquirement {unknown}
 L - a scroll of butterflies {unknown}
 M - a scroll of magic mapping
Potions
 i - a potion of cancellation
 k - a potion of curing
 l - 9 potions of heal wounds
 o - a potion of ambrosia
 p - 3 potions of flight
 q - 3 potions of haste
 s - 2 potions of berserk rage
 t - 3 potions of attraction


   Skills:
 + Level 11.2 Fighting
 * Level 14.9 Axes
 + Level 10.7 Armour
 - Level 4.0 Dodging
 - Level 4.0 Shields
 + Level 7.3 Invocations
 - Level 5.0 Evocations


You had 11 spell levels left.
You didn't know any spells.
Your spell library contained the following spells:

 Spells                   Type           Power      Damage    Failure   Level
 Apportation              Tloc           0%         N/A       54%         1
 Magic Dart               Conj           0%         1d3       54%         1
 Slow                     Hex            0%         N/A       54%         1
 Blink                    Tloc           0%         N/A       69%         2
 Poisonous Vapours        Pois/Air       0%         N/A       69%         2
 Sublimation of Blood     Necr           0%         N/A       69%         2
 Wereblood                Tmut           0%         N/A       69%         2
 Gell's Gravitas          Tloc           0%         N/A       89%         3
 Teleport Other           Tloc           0%         N/A       89%         3
 Animate Armour           Summ/Erth      0%         N/A       100%        4
 Corpse Rot               Necr/Pois/Air  0%         N/A       100%        4
 Blade Hands              Tmut           0%         N/A       100%        5
 Manifold Assault         Tloc           0%         N/A       100%        5
 Dispersal                Tloc           0%         N/A       100%        6
 Iron Shot                Conj/Erth      0%         9d1       100%        6
 Storm Form               Tmut/Air       0%         N/A       100%        7
 Summon Hydra             Summ           0%         N/A       100%        7


Dungeon Overview and Level Annotations

Branches:
Dungeon (9/15)             Temple (1/1) D:6            Lair (3/5) D:9
    Orc (0/2) D:9
  Swamp: Lair:2-3    Shoals: Lair:2-3     Snake: Lair:2-3    Spider: Lair:2-3

Altars:
Ashenzari
Cheibriados
Dithmenos
Elyvilon
Fedhas
Hepliaklqana
Kikubaaqudgha
Makhleb
Nemelex Xobeh
Okawaru
Qazlal
Ru
Sif Muna
Trog
Uskayaw
Vehumet
Wu Jian
Xom
Yredelemnul
Zin
The Shining One

Shops:
D:4 :   D:5 *

Annotations:
D:4 3 runed translucent doors, poml's ghost, amateur TrWn
Lair:3 Urug


Innate Abilities, Weirdness & Mutations

You have a pair of horns on your head.
You reflexively headbutt those who attack you in melee.


Message History

Urug burns you!
You closely miss Urug.
Urug squints, then shrugs and mutters, "Close enough."
You block Urug's attack.
You slice Urug!!
Urug is moderately wounded.
You barely miss Urug. You headbutt Urug, but do no damage.
Urug is moderately wounded.
Urug barely misses you.
You slash Urug!
Urug is heavily wounded.
Urug barely misses you.
You hit Urug.
Urug is severely wounded.
Urug closely misses you.
You hit Urug but do no damage.
Urug is severely wounded.
You hit Urug. Your headbutt misses Urug.
Urug is severely wounded.
Urug hits you with a +0 battleaxe of flaming!
Urug burns you.
You slash Urug!
Urug is almost dead.
Urug hits you with a +0 battleaxe of flaming!
You barely miss Urug.
Urug is almost dead.
Urug hits you with a +0 battleaxe of flaming!
Urug burns you.
You barely miss Urug.
Urug is almost dead.
Urug hits you with a +0 battleaxe of flaming!!
* * * LOW HITPOINT WARNING * * *
Urug burns you.
* * * LOW HITPOINT WARNING * * *
You closely miss Urug.
Urug is almost dead.
Urug hits you with a +0 battleaxe of flaming!!
* * * LOW HITPOINT WARNING * * *
Urug burns you.
You die...

........##
.........#
........##
........# ##
........##.###
.............##
...............
...............
.......@.......
.......o.......
...............
...............
...............
...............
.#.#P...##.##..
######## ## ##


You could see Urug.

Vanquished Creatures
  A boulder beetle (Lair:2)
  A hydra (Lair:3)
  A two-headed ogre (D:9)
  Erica (D:9)
  3 black mambas
  Joseph (D:8)
  3 cane toads
  A rime drake (Lair:1)
  5 komodo dragons
  A polar bear (Lair:2)
  2 hornets (D:9)
  A wyvern (Lair:1)
  32 yaks
  A wraith (D:9)
  A steam dragon (D:8)
  4 wargs (D:9)
  5 water moccasins
  3 orc warriors (D:9)
  An ice beast (D:5)
  3 sky beasts
  2 black bears
  An ogre (D:9)
  9 wolves (Lair:2)
  4 centaurs
  2 kobold brigands
  9 bullfrogs
  A gnoll sergeant (D:7)
  A scorpion (D:7)
  3 wights (D:8)
  5 killer bees (D:9)
  5 electric eels (Lair:1)
  2 howler monkeys (D:8)
  2 jellies (D:5)
  6 hounds
  7 orc priests
  2 gnoll boudas
  Ijyb (D:3)
  5 iguanas
  6 orc wizards
  A mummy (D:6)
  8 adders
  6 gnolls (D:7)
  8 river rats (D:5)
  2 shadow imps
  A white imp (D:5)
  A worm (D:3)
  8 dart slugs
  29 orcs
  2 ball pythons
  3 bats
  7 endoplasms
  2 giant cockroaches
  7 goblins
  11 hobgoblins
  3 jackals (D:5)
  9 quokkas
  2 frilled lizards
  9 kobolds
  19 rats
282 creatures vanquished.

Vanquished Creatures (others)
  15 fungi
  70 plants
85 creatures vanquished.

Grand Total: 367 creatures vanquished

Notes
Turn   | Place    | Note
-------+----------+-------------------------------------------
     0 | D:1      | Illumine the Minotaur Fighter began the quest for the Orb.
     0 | D:1      | Reached XP level 1. HP: 19/19 MP: 0/0
   472 | D:1      | Got A Tutorial on Sorcery
   817 | D:2      | Reached skill level 3 in Axes
   817 | D:2      | Reached XP level 2. HP: 27/27 MP: 1/1
   866 | D:2      | Reached XP level 3. HP: 29/33 MP: 2/2
  1026 | D:2      | Found a faded altar of an unknown god.
  1053 | D:2      | Reached skill level 4 in Axes
  1833 | D:3      | Noticed Ijyb
  1839 | D:3      | Reached XP level 4. HP: 29/41 MP: 3/3
  1844 | D:3      | Killed Ijyb
  2048 | D:3      | Reached skill level 5 in Axes
  2315 | D:3      | Reached XP level 5. HP: 16/47 MP: 4/4
  3215 | D:4      | Reached skill level 5 in Fighting
  3270 | D:4      | Found Syfe's Book Boutique.
  3270 | D:4      | Identified the +5 leather armour of Inference {Int+3}
  3361 | D:4      | Found a runed translucent gate.
  3362 | D:4      | Found a runed translucent gate.
  3364 | D:4      | Found a runed translucent gate.
  3365 | D:4      | Noticed poml's ghost (amateur TrWn)
  3568 | D:4      | Reached skill level 6 in Axes
  3665 | D:4      | Found a sparkling altar of Nemelex Xobeh.
  3918 | D:4      | Reached XP level 6. HP: 53/56 MP: 5/5
  4056 | D:4      | Found a hide-covered altar of Uskayaw.
  4149 | D:5      | Entered Level 5 of the Dungeon
  4175 | D:5      | Noticed an ice beast
  4192 | D:5      | Killed an ice beast
  4511 | D:5      | Reached skill level 7 in Axes
  4511 | D:5      | Reached skill level 5 in Armour
  4511 | D:5      | Reached XP level 7. HP: 50/62 MP: 6/6
  4573 | D:5      | Found Raluylu's Assorted Antiques.
  4581 | D:5      | Bought a scroll of identify for 32 gold pieces
  5267 | D:5      | Reached skill level 8 in Axes
  5267 | D:5      | Reached skill level 1 in Evocations
  5608 | D:6      | Found a hazy altar of Hepliaklqana.
  5698 | D:6      | Found a sacrificial altar of Ru.
  5907 | D:6      | Reached XP level 8. HP: 41/71 MP: 7/7
  6144 | D:6      | Found a staircase to the Ecumenical Temple.
  6150 | Temple   | Entered the Ecumenical Temple
  6213 | Temple   | Became a worshipper of Makhleb the Destroyer
  6864 | D:7      | Reached skill level 1 in Invocations
  6980 | D:7      | Reached skill level 9 in Axes
  7975 | D:8      | Reached XP level 9. HP: 79/79 MP: 9/9
  8186 | D:8      | Reached skill level 10 in Axes
  8329 | D:8      | Reached * piety under Makhleb
  8366 | D:8      | Noticed Joseph
  8378 | D:8      | Killed Joseph
  8869 | D:9      | Noticed Erica
  8895 | D:9      | Found a glowing silver altar of Zin.
  8895 | D:9      | Found a shimmering blue altar of Sif Muna.
  8896 | D:9      | Found a radiant altar of Vehumet.
  8980 | D:9      | Reached skill level 11 in Axes
  9330 | D:9      | Reached XP level 10. HP: 53/90 MP: 12/12
  9481 | D:9      | Found a staircase to the Orcish Mines.
  9586 | D:9      | Noticed a two-headed ogre
  9595 | D:9      | Killed a two-headed ogre
  9951 | D:9      | Found a staircase to the Lair.
 10099 | D:9      | Reached skill level 12 in Axes
 10125 | D:9      | Reached ** piety under Makhleb
 10191 | D:9      | Reached skill level 5 in Invocations
 10481 | D:9      | Reached skill level 5 in Evocations
 10874 | D:9      | Killed Erica
 11290 | Lair:1   | Entered Level 1 of the Lair of Beasts
 11306 | D:9      | Reached XP level 11. HP: 40/99 MP: 14/14
 11515 | Lair:1   | Reached skill level 13 in Axes
 11516 | Lair:1   | Reached skill level 1 in Dodging
 11878 | Lair:1   | Reached skill level 10 in Fighting
 12280 | Lair:1   | Reached *** piety under Makhleb
 13430 | Lair:2   | Reached skill level 14 in Axes
 13430 | Lair:2   | Reached skill level 10 in Armour
 14163 | Lair:2   | Noticed a boulder beetle
 14181 | Lair:2   | Killed a boulder beetle
 14540 | Lair:2   | Identified the ring of the Sun {rPois rN+ Int+5}
 14595 | Lair:2   | Reached XP level 12. HP: 80/108 MP: 16/16
 15485 | Lair:3   | Noticed a six-headed hydra
 15491 | Lair:3   | Killed a five-headed hydra
 15525 | Lair:3   | Noticed Urug
 15540 | Lair:3   | HP: 2/110 [Urug/+0 battleaxe of flaming (19)]
 15540 | Lair:3   | Slain by Urug

Illustrated notes

Levels and vault maps discovered:
D:1:      lemuel_arrival_funnel, layout_basic, dk_noncrumbling_4
D:2:      layout_basic, hellmonk_ecumenical_altar_heavens_door,
          nicolae_hexahallways, amethyst_killhole
D:3:      corexii_shack_village, layout_loops_ring, uniq_ijyb
D:4:      kennysheep_slugbush, layout_basic, nicolae_uskayaw_suspiria,
          nemelex_altar_shiori, gammafunk_ghost_nasty_kobolds, serial_shops,
          shop
D:5:      lemuel_ratsnest, layout_layer_cave, serial_shops, shop
D:6:      layout_basic, mainiacjoe_overflow_paths, mainiacjoe_overflow_catwalk,
          temple_doors_e, gup_ossuary_entry_pyramid, nicolae_underground_beach
D:7:      layout_basic
D:8:      layout_gridville, st_stairs_14, nicolae_benzene_ring, uniq_joseph
D:9:      layout_cave_pods, gammafunk_temple_overflow_forgotten,
          erik_lair_orcish_takeover, erik_orc_3, uniq_erica
Temple:   regret_index_temple_waves
Lair:1:   layout_chaotic_city, serial_bayou, serial_bayou_pond_b,
          serial_bayou_lagoon_a, serial_bayou_lake_a, serial_bayou_ford_a,
          dpeg_stationary_puzzle
Lair:2:   layout_misc_corridors, columned_hall_lemuel, lemuel_fruit_fields
Lair:3:   layout_big_grid, elwin_shoals_entry_stream, spider_nest_entry_a,
          nicolae_quartered_pool_medium, kennysheep_snail_temple, uniq_urug,
          uniq_rupert

Skill      XL: |  1  2  3  4  5  6  7  8  9 10 11 12 |
---------------+-------------------------------------+-----
Axes           | 3 4 5 6 7 8 9 11 12 14 | 14.9
Fighting       | 4 5 6 7 8 9 10 11 | 11.2
Shields        | 4 |  4.0
Armour         | 4 5 6 8 9 10 | 10.7
Evocations     | 1 2 4 5 |  5.0
Invocations    | 2 4 5 7 |  7.3
Dodging        | 4 |  4.0

Action                   |  1- 3 |  4- 6 |  7- 9 | 10-12 || total
-------------------------+-------+-------+-------+-------++-------
Melee: War axe           |    67 |   131 |   311 |   388 ||   897
       Headbutt          |     5 |    20 |    57 |    57 ||   139
       Scimitar          |       |       |       |     1 ||     1
Evoke: Wand              |       |       |       |    17 ||    17
  Use: Scroll            |       |     7 |     6 |     4 ||    17
       Potion            |       |       |     2 |     4 ||     6
Armor: Scale mail        |    32 |    43 |       |       ||    75
       Chain mail        |       |    16 |   139 |       ||   155
       Ring mail         |       |       |    10 |   130 ||   140
Dodge: Dodged            |    53 |    46 |   107 |   163 ||   369
Block: Buckler           |    22 |    29 |    67 |    84 ||   202

Table legend: (Time is in decaauts)
 A = Elapsed time spent in this place.
 B = Non-inter-level travel time spent in this place.
 C = Inter-level travel time spent in this place.
 D = Time resting spent in this place.
 E = Time spent auto-exploring this place.
 F = Levels seen in this place.
 G = Mean time per level.
                   A        B        C        D        E       F      G
               +--------+--------+--------+--------+--------+-----+--------+
         Total |  15630 |  15234 |    396 |   2704 |  10518 |  13 | 1202.3 |
       Dungeon |  11491 |  11199 |    292 |   1689 |   7897 |   9 | 1276.8 |
        Temple |    112 |     66 |     46 |      0 |     50 |   1 |  112.0 |
          Lair |   4026 |   3969 |     57 |   1015 |   2570 |   3 | 1342.0 |
               +--------+--------+--------+--------+--------+-----+--------+

Top non-repeatable levels by time:
     D:9: 2621 daAuts
  Lair:2: 2076 daAuts
  Lair:1: 1898 daAuts
     D:5: 1436 daAuts
     D:3: 1379 daAuts
     D:6: 1157 daAuts
     D:7: 1146 daAuts
     D:4: 1026 daAuts
     D:2: 992 daAuts
     D:8: 918 daAuts
     D:1: 813 daAuts
  Temple: 112 daAuts
  Lair:3: 51 daAuts
